 Dungeon Crawl Stone Soup version 0.20.1-1-g8b1a95d (webtiles) character file.

105 Kingsmith the Magician (level 4, -6/24 HPs)
             Began as a Deep Elf Wizard on Dec 8, 2017.
             Mangled by a river rat (10 damage)
             ... in a sewer.
             The game lasted 00:06:36 (1829 turns).

Kingsmith the Magician (Deep Elf Wizard)            Turns: 1829, Time: 00:06:37

Health: -6/24      AC:  2    Str:  5    XL:     4   Next: 53%
Magic:  5/15       EV: 13    Int: 23    God:
Gold:   100        SH:  0    Dex: 13    Spells: 4/17 levels left

rFire    . . .     SeeInvis .   m - +0 spear
rCold    . . .     Gourm    .   (no shield)
rNeg     . . .     Faith    .   a - +0 robe
rPois    .         Spirit   .   b - +0 hat
rElec    .         Reflect  .   (no cloak)
rCorr    .         Harm     .   (no gloves)
MR       .....                  (no boots)
Stlth    ++........             (no amulet)
Regen    0.1/turn               (no ring)
MPRegen  0.2/turn               (no ring)

@: no status effects
A: no striking features
a: no special abilities


You were in a sewer.
You were not hungry.

You visited 1 branch of the dungeon, and saw 3 of its levels.
You also visited: Sewer.

You collected 100 gold pieces.

Inventory:

Hand Weapons
 m - a +0 spear (weapon)
Armour
 a - a +0 robe (worn)
 b - a +0 hat (worn)
Scrolls
 f - a scroll of remove curse {unknown}
 g - a scroll of recharging {unknown}
 i - 3 scrolls of identify {unknown}
 j - a scroll of amnesia {unknown}
 l - 2 scrolls of enchant armour {unknown}
 n - a scroll of magic mapping {unknown}
 o - a scroll of random uselessness {unknown}
 r - a scroll of blinking {unknown}
Potions
 e - a potion of mutation {unknown}
 h - a potion of degeneration {unknown}
 q - a potion of haste {unknown}
 s - 2 potions of brilliance {unknown}
 u - a potion of might {unknown}
 v - 2 potions of flight {unknown}
Books
 c - a book of Minor Magic

   Spells                             Type                      Level
   a - Magic Dart                     Conjuration                  1
   b - Blink                          Translocation                2
   c - Call Imp                       Summoning                    2
   d - Slow                           Hexes                        2
   e - Conjure Flame                  Conjuration/Fire             3
   f - Mephitic Cloud                 Conjuration/Poison/Air       3
Comestibles
 d - a bread ration
 k - 8 fruits
 p - a meat ration
 t - 6 chunks of flesh


   Skills:
 - Level 2.4 Dodging
 - Level 2.4 Stealth
 - Level 7.0 Spellcasting
 + Level 2.0 Conjurations
 - Level 1.1 Summonings
 - Level 1.1 Translocations


You had 4 spell levels left.
You knew the following spells:

 Your Spells              Type           Power        Failure   Level  Hunger
a - Magic Dart            Conj           ###.         3%          1    None
b - Blink                 Tloc           N/A          8%          2    None
c - Call Imp              Summ           ##......     8%          2    None
d - Slow                  Hex            #.......     12%         2    None
e - Conjure Flame         Conj/Fire      ##......     16%         3    None
f - Mephitic Cloud        Conj/Pois/Air  ##......     17%         3    None


Dungeon Overview and Level Annotations

Branches:
Dungeon (3/15)

Altars:


Message History

The river rat is severely wounded.
The river rat bites you.
Casting: Magic Dart
Confirm with . or Enter, or press ? or * to list all spells.
Aiming: Magic Dart
Press: ? - help, Shift-Dir - straight line, f/p - river rat
Aim: a river rat (severely wounded)
The magic dart hits the river rat.
The river rat is severely wounded.
The river rat barely misses you.
Casting: Magic Dart
Confirm with . or Enter, or press ? or * to list all spells.
A beastly little devil appears in a puff of flame.
Your crimson imp says, "Let's raise havoc!"
The river rat bites you.
* * * LOW HITPOINT WARNING * * *
You closely miss the river rat.
The river rat is heavily wounded.
The river rat bites you!
You die...

##≈## ##≈## #≈# #≈#
#≈# #†# #≈# #≈#
##≈## ##≈## ##.≈≈##
##.≈≈##
####≈≈..≈####....≈#
≈≈≈≈≈.≈..≈≈≈≈.....#
##≈.≈≈@####.....#
##.≈r## ##≈.≈##
##5## ##.## #≈# #.#
#≈# #.# #≈# ##.#
... #..## ...
##...## ≈.≈ #≈.≈..#


You could see a river rat and a friendly crimson imp.

Vanquished Creatures
  4 adders (D:2)
  A river rat (Sewer)
  An ooze (Sewer)
  A dart slug (D:2)
  3 giant cockroaches (D:1)
  6 goblins
  7 hobgoblins
  6 kobolds
  A quokka (D:2)
  4 bats
  5 frilled lizards
  9 rats
48 creatures vanquished.

Vanquished Creatures (collateral kills)
  A river rat (D:3)
  A giant cockroach (D:3)
  2 ball pythons (D:3)
  2 rats (D:3)
6 creatures vanquished.

Grand Total: 54 creatures vanquished

Notes
Turn   | Place    | Note
-------+----------+-------------------------------------------
     0 | D:1      | Kingsmith the Deep Elf Wizard began the quest for the Orb.
     0 | D:1      | Reached XP level 1. HP: 10/10 MP: 7/7
   199 | D:1      | Reached skill level 5 in Spellcasting
   222 | D:1      | Reached XP level 2. HP: 15/15 MP: 6/10
   513 | D:1      | Learned a level 2 spell: Blink
   516 | D:1      | Learned a level 2 spell: Call Imp
   519 | D:1      | Learned a level 2 spell: Slow
   901 | D:2      | Reached XP level 3. HP: 19/19 MP: 9/12
  1034 | D:2      | Reached skill level 6 in Spellcasting
  1044 | D:2      | Learned a level 3 spell: Conjure Flame
  1048 | D:2      | Learned a level 3 spell: Mephitic Cloud
  1338 | D:2      | Reached XP level 4. HP: 24/24 MP: 6/14
  1599 | D:2      | Reached skill level 7 in Spellcasting
  1626 | D:3      | Found a glowing drain.
  1659 | Sewer    | Entered a sewer
  1829 | Sewer    | Mangled by a river rat

Skill      XL: |  1  2  3  4 |
---------------+-------------+-----
Spellcasting   | 5 6 7 |  7.0
Conjurations   | 2 |  2.0
Dodging        | |  2.4
Stealth        | |  2.4
Summonings     | |  1.1
Translocations | |  1.1

Action                   |  1- 3 |  4- 6 || total
-------------------------+-------+-------++-------
Melee: Club              |     3 |       ||     3
       Spear             |     6 |    10 ||    16
 Cast: Magic Dart        |    87 |    22 ||   109
       Mephitic Cloud    |     1 |     1 ||     2
       Call Imp          |       |     4 ||     4
       Conjure Flame     |       |     1 ||     1
  Eat: Chunk             |     1 |     2 ||     3
Armor: Robe              |     1 |     2 ||     3
Dodge: Dodged            |    11 |     8 ||    19
